 Dungeon Crawl Stone Soup version 0.22-a0-444-g9e76084 (webtiles) character file.

33 Ash3214 the Skirmisher (level 3, -1/30 HPs)
             Began as a Demonspawn Abyssal Knight on June 1, 2018.
             Was a Follower of Lugonu.
             Slain by an orc wizard
             ... wielding a +0 dagger
              (4 damage)
             ... on level 2 of the Dungeon.
             The game lasted 00:17:19 (1563 turns).

Ash3214 the Skirmisher (Demonspawn Abyssal Knight)  Turns: 1563, Time: 00:17:20

Health: -1/30      AC:  6    Str: 10 (13) XL:     3   Next: 12%
Magic:  5/5        EV: 10    Int: 11 (13) God:    Lugonu [*.....]
Gold:   31         SH:  0    Dex:  9 (12) Spells: 2/2 levels left

rFire    . . .     SeeInvis .   t - -2 whip (curse)
rCold    . . .     Gourm    .   (no shield)
rNeg     . . .     Faith    .   v - +0 ring mail
rPois    .         Spirit   .   (helmet restricted)
rElec    .         Reflect  .   (no cloak)
rCorr    .         Harm     .   (no gloves)
MR       .....                  u - +0 pair of boots
Stlth    ..........             (no amulet)
HPRegen  0.10/turn              (no ring)
MPRegen  0.09/turn              (no ring)

@: no status effects
A: horns 1
a: Depart the Abyss, Renounce Religion


You were on level 2 of the Dungeon.
You worshipped Lugonu.
Lugonu was aware of your devotion.
You were not hungry.

You visited 1 branch of the dungeon, and saw 2 of its levels.
You visited the Abyss 1 time.

You collected 31 gold pieces.

Inventory:

Hand Weapons
 a - a +1 mace
 d - a +0 short sword
 f - a +0 club
 g - a +0 club
 h - a +0 hand axe
 p - a +0 dagger
 r - a +0 whip
 s - a +0 club
 t - a cursed -2 whip (weapon)
Missiles
 e - 44 stones (quivered)
 i - 9 arrows
 l - 31 sling bullets
 m - 2 tomahawks
Armour
 b - a +0 leather armour
 j - a +0 chain mail
 u - a +0 pair of boots (worn)
 v - a +0 ring mail (worn)
Scrolls
 k - 2 scrolls of fear {unknown}
 n - a scroll of teleportation {unknown}
 o - a scroll of immolation {unknown}
Comestibles
 c - 3 rations


   Skills:
 + Level 3.8 Fighting
 + Level 1.9 Maces & Flails
 + Level 2.0 Armour
 + Level 0.8 Dodging
 + Level 2.9 Invocations


You had 2 spell levels left.
You didn't know any spells.
Your spell library was empty.

Dungeon Overview and Level Annotations

Branches:
Dungeon (2/15)

Altars:


Innate Abilities, Weirdness & Mutations

You have a pair of small horns on your head.


Message History

The orc wizard mumbles some strange words.
The orc wizard blinks!
The orc closely misses you.
You barely miss the orc.
The orc is lightly wounded.
The orc wizard gestures at you while chanting.
The magic dart hits you!
* * * LOW HITPOINT WARNING * * *
The orc hits you but does no damage.
You barely miss the orc wizard. Your headbutt misses the orc wizard.
The orc wizard barely misses you. The orc hits you but does no damage.
You closely miss the orc wizard.
You headbutt the orc wizard, but do no damage.
The orc wizard casts a spell.
The orc wizard blinks!
The orc barely misses you. The orc wizard hits you with a dagger.
* * * LOW HITPOINT WARNING * * *
You hit the orc wizard.
The orc wizard is lightly wounded.
The orc misses you. The orc wizard hits you with a dagger.
You die...

#### #..
#######.#
.......)#
.######.#
#.#
#.#####.#(.#
#..o@o......
########..#.


You could see an orc wizard and an orc.

Vanquished Creatures
  An ooze (D:1)
  3 dart slugs (D:1)
  An orc (D:2)
  5 goblins (D:1)
  2 hobgoblins (D:1)
  4 kobolds (D:1)
  A bat (D:1)
  A frilled lizard (D:1)
  4 rats (D:1)
22 creatures vanquished.

Notes
Turn   | Place    | Note
-------+----------+-------------------------------------------
     0 | Abyss:1  | Ash3214 the Demonspawn Abyssal Knight began the quest for the Orb.
     0 | Abyss:1  | Reached XP level 1. HP: 18/18 MP: 2/2
     2 | D:1      | Escaped the Abyss
   178 | D:1      | Gained mutation: You have a pair of small horns on your head. [demonic ancestry]
   178 | D:1      | Reached XP level 2. HP: 15/24 MP: 4/4
   186 | D:1      | Reached * piety under Lugonu
  1012 | D:1      | Reached XP level 3. HP: 30/30 MP: 5/5
  1563 | D:2      | Slain by an orc wizard

Vault maps used:
D:1:      saegor_arrival_simple_a
D:2:      nicolae_overflow_hidden_temple, lemuel_crystal_altar,
          minmay_octomino_e4

Skill      XL: |  1  2 |
---------------+-------+-----
Armour         | 2 |  2.0
Fighting       | |  3.8
Maces & Flails | |  1.9
Dodging        | |  0.8
Invocations    | |  2.9

Action                   || total
-------------------------++-------
Melee: Mace              ||    45
       Whip              ||    28
       Headbutt          ||     3
Invok: Depart the Abyss  ||     1
  Use: Potion            ||     1
  Eat: Chunk             ||     2
Armor: Chain mail        ||    22
       Leather armour    ||     3
       Ring mail         ||    10
Dodge: Dodged            ||    46

Table legend:
 A = Spawn XP
 B = Non-spawn XP
 C = Spawn XP percentage of total XP
 D = Spawn monster count
 E = Non-spawn monster count
 F = Spawn count percentage of total count
 G = Total turns spent on level
                    A         B        C        D         E        F      G
               +---------+---------+-------+---------+---------+-------+---------
         Total |       0 |      48 |   0.0 |       0 |      22 |   0.0 |  1563
               +---------+---------+-------+---------+---------+-------+---------
           D:1 |       0 |      45 |   0.0 |       0 |      21 |   0.0 |  1530
           D:2 |       0 |       3 |   0.0 |       0 |       1 |   0.0 |    31
               +---------+---------+-------+---------+---------+-------+---------
